AoeStats
← Chris77A

Arena

504427936Analyzed
2v2 RM · 27d ago on Sep 5, 2026· 41m 26s· 4 players
Game mode
Random Map
Map size
Medium (4 player)
Population
200
Speed
Normal
Resources
Standard
Victory
Conquest
Starting age
Dark Age
Ending age
Imperial Age
RankedLock teamsTeams togetherTeam positionsShared explorationLock speedFull tech treeHidden civsTurbo modeCheats
Victory
Defeat
🇲🇽 Saracens · Mexico
1252
+17
🇪🇸 Lithuanians · Spain
1223
+18
🇬🇧 Bohemians · United Kingdom
1309
-18
🇬🇧 Byzantines · United Kingdom
1250
-17
Hillary Clinton
10:46 Feudal Age
15:53 Castle Age
13:56 Double-Bit Axe
15:15 Horse Collar
21:01 Heavy Plow
27:53 Imperial Age
25:10 Loom
26:18 Scale Barding Armor
26:42 Forging
26:32 Gold Mining
27:22 Wheelbarrow
26:34 Town Watch
27:42 Chain Barding Armor
27:15 Fletching
27:45 Chain Barding Armor
28:58 Bloodlines
28:49 Husbandry
29:23 Bodkin Arrow
30:11 Conscription
33:12 Plate Barding Armor
36:30 Elite Leitis
BlankZombie18
9:31 Loom
11:20 Feudal Age
14:50 Castle Age
13:08 Double-Bit Axe
14:00 Horse Collar
15:41 Wheelbarrow
19:52 Loom
20:20 Town Watch
22:08 Town Patrol
23:47 Hand Cart
24:44 Bow Saw
24:46 Heavy Plow
30:32 Imperial Age
28:13 Husbandry
28:23 Bloodlines
28:41 Bloodlines
29:21 Forging
29:16 Scale Barding Armor
29:04 Gold Mining
29:09 Stone Mining
29:49 Scale Barding Armor
30:28 Devotion
32:41 Chemistry
32:01 Ballistics
31:52 Masonry
31:23 Treadmill Crane
31:38 Murder Holes
31:10 Elite Mameluke
32:11 Conscription
31:36 Heavy Camel Rider
33:23 Two-Man Saw
33:02 Gold Shaft Mining
34:46 Counterweights
35:34 Iron Casting
35:19 Chain Barding Armor
40:05 Blast Furnace
39:40 Plate Barding Armor
38:56 Fletching
39:07 Padded Archer Armor
Chris77A
3:47 Loom
10:06 Feudal Age
15:40 Castle Age
14:15 Double-Bit Axe
14:59 Horse Collar
22:04 Wheelbarrow
21:55 Bow Saw
27:59 Hand Cart
28:44 Scale Barding Armor
30:37 Heavy Plow
31:02 Forging
34:08 Imperial Age
33:26 Scale Mail Armor
33:52 Pikeman
34:50 Chain Mail Armor
35:43 Iron Casting
34:30 Halberdier
34:41 Capped Ram
35:58 Squires
36:56 Conscription
37:42 Fletching
37:44 Elite Skirmisher
38:29 Thumb Ring
39:51 Siege Ram
40:30 Bodkin Arrow
DrunkMonk
3:56 Loom
10:36 Feudal Age
11:01 Double-Bit Axe
17:28 Castle Age
15:26 Horse Collar
17:34 Scale Barding Armor
18:10 Forging
20:44 Pikeman
22:48 Wheelbarrow
23:31 Town Watch
32:59 Imperial Age
32:03 Fletching
32:13 Padded Archer Armor
32:14 Scale Mail Armor
33:04 Ballistics
34:39 Chemistry
33:32 Halberdier
33:58 Arson
37:13 Ballistics
37:24 Squires
39:47 Conscription
Connection lost

Rejoining the realm…

Still unreachable

The connection could not be restored.

Session expired

The server has moved on; the page needs a fresh start.